 Dungeon Crawl Stone Soup version 0.30.0-30-g96aa6591b8 (webtiles) character file.

Game seed: 9204546342641856942

5872 booth the Stinger (level 10, 0/75 HPs)
             Began as a Demonspawn Venom Mage on June 28, 2023.
             Was a High Priest of Vehumet.
             Killed from afar by Erica (28 damage)
             ... with a bolt of poison
             ... on level 9 of the Dungeon on June 29, 2023.
             The game lasted 01:37:52 (11505 turns).

booth the Stinger (Demonspawn Venom Mage)          Turns: 11505, Time: 01:37:52

Health: 0/75       AC: 12    Str: 10    XL:     10   Next: 52%
Magic:  13/18      EV: 24    Int: 19    God:    Vehumet [*****.]
Gold:   411        SH:  0    Dex: 14    Spells: 2/20 levels left

rFire   . . .        g - +1 hand axe (flame)
rCold   . . .        (no shield)
rNeg    . . .        s - +2 robe {Archmagi}
rPois   .            t - +2 helmet
rElec   .            C - +0 cloak
rCorr   .            (no gloves)
SInv    +            p - +0 pair of boots
Will    .....        (no amulet)
Stlth   +++          a - ring of see invisible
HPRegen 0.32/turn    q - +5 ring of evasion
MPRegen 0.16/turn

%: archmagi
@: agile, lethally poisoned (0 -> -27), studying Throwing
A: icy blue scales 2, foul stench 1, powered by pain 1
a: Renounce Religion


You were on level 9 of the Dungeon.
You worshipped Vehumet.
Vehumet was extremely pleased with you.
You visited 2 branches of the dungeon, and saw 10 of its levels.

You collected 597 gold pieces.
You spent 186 gold pieces at shops.

Inventory:

Hand Weapons
 g - a +1 hand axe of flaming (weapon)
 E - a +0 hammer
 H - a +1 mace of freezing
Missiles
 d - 31 poisoned darts (quivered)
 w - 2 javelins
 D - 5 boomerangs
 F - 3 atropa-tipped darts
 J - 2 throwing nets
Armour
 c - the +1 robe of Engaf {Int+5}
   (You found it on level 9 of the Dungeon)

   Int:       It affects your intelligence (+5).
 m - a +2 robe of positive energy
 p - a +0 pair of boots (worn)
 s - a +2 robe of the Archmagi (worn)
 t - a +2 helmet (worn)
 z - +0 steam dragon scales
 C - a +0 cloak (worn)
 G - the +1 pair of gloves "Pisunep" {Rampage rC- MP+9 Int+2}
   (You found it on level 8 of the Dungeon)

   Int:       It affects your intelligence (+2).
   rC:        It makes you vulnerable to cold.
   MP:        It affects your magic capacity (+9).
   Rampage:   It bestows one free step when moving towards enemies.
Jewellery
 a - a ring of see invisible (left hand)
 q - a +5 ring of evasion (right hand)
 v - a ring of protection from fire
Wands
 B - a wand of flame (6)
Scrolls
 j - 2 scrolls of teleportation
 k - a scroll of blinking
 x - a scroll of torment
 y - 2 scrolls of identify
 A - a scroll of fear
 K - a scroll of enchant armour {unknown}
Potions
 b - a potion of magic
 e - a potion of haste
 f - a potion of invisibility
 h - 2 potions of curing
 i - 2 potions of flight
 l - 2 potions of ambrosia
 n - 4 potions of heal wounds
 o - a potion of resistance
 r - a potion of mutation
 u - 3 potions of lignification
 I - 3 potions of might


   Skills:
 + Level 5.6 Fighting
 + Level 5.3 Axes
 + Level 5.6 Dodging
 + Level 6.1 Stealth
 + Level 5.8 Spellcasting
 + Level 5.2 Conjurations
 - Level 2.7 Transmutations
 + Level 7.0 Poison Magic


You had 2 spell levels left.
You knew the following spells:

 Your Spells              Type           Power      Damage    Failure   Level
a - Sting                 Tmut/Pois      100%       1d8       1%          1
b - Poisonous Vapours     Pois/Air       56%        N/A       1%          2
c - Mephitic Cloud        Conj/Pois/Air  31%        N/A       1%          3
d - Olgreb's Toxic Radia  Pois           48%        N/A       1%          4
e - Airstrike             Air            4%         2d(1-17)  28%         4
f - Dazzling Flash        Conj/Hex       46%        N/A       3%          3
g - Foxfire               Conj/Fire      92%        2x1d8     1%          1

Your spell library contained the following spells:

 Spells                   Type           Power      Damage    Failure   Level
 Flame Wave               Conj/Fire      23%        2d8       11%         4
 Fireball                 Conj/Fire      11%        3d7       26%         5
 Starburst                Conj/Fire      11%        6d5       78%         6
 Agony                    Necr           8%         N/A       97%         5
 Silence                  Hex/Air        4%         N/A       97%         5
 Plasma Beam              Fire/Air       4%         2x1d15    98%         6


Dungeon Overview and Level Annotations

Branches:
Dungeon (9/15)             Temple (1/1) D:5
   Lair: D:8-11         Orc: D:9-12

Altars:
Ashenzari
Cheibriados
Fedhas
Gozag
Hepliaklqana
Kikubaaqudgha
Makhleb
Nemelex Xobeh
Okawaru
Qazlal
Ru
Sif Muna
Uskayaw
Vehumet
Wu Jian
Xom
Yredelemnul

Shops:
D:2 *[!   D:3 ?   D:6 [

Annotations:
D:9 Erica, Maggie


Innate Abilities, Weirdness & Mutations

You are mostly covered in icy blue scales. (AC +3)
You may rarely emit foul miasma when damaged in melee.
You sometimes gain a little power by taking damage.


Message History

Casting: Foxfire (safe; 1% risk of failure)
Confirm with . or Enter, or press ? or * to list all spells.
You can't see any susceptible monsters within range! (Use Z to cast anyway.)
Casting: Foxfire (safe; 1% risk of failure)
Confirm with . or Enter, or press ? or * to list all spells.
You feel a surge of power!
You conjure some foxfire!
The foxfire hits Erica.
Erica is heavily wounded.
The foxfire hits Erica.
Erica is severely wounded.
Erica completely misses you.
You hit Erica. You burn Erica.
Erica is severely wounded.
Erica hits you but does no damage.
You hit Erica but do no damage.
Erica is severely wounded.
Erica misses you.
You barely miss Erica.
Erica is severely wounded.
Erica hits you with a +3 scimitar of flaming!
Erica burns you.
You hit Erica. You burn Erica.
Erica is almost dead.
Erica points at you and mumbles some strange words.
The bolt of poison hits you!!
You are poisoned.
You focus on the pain.
You feel agile all of a sudden.
Casting: Foxfire (safe; 1% risk of failure)
Confirm with . or Enter, or press ? or * to list all spells.
Aiming: Sting (safe; 1% risk of failure)
Press: ? - help, Shift-Dir - straight line, f/p - Erica
Aim: Erica, wielding a +3 scimitar of flaming and wearing a +0 robe (almost dead, very poisoned, 75% to hit)
You feel a surge of power!
The sting hits Erica.
Erica looks even sicker.
Erica is almost dead.
You feel very sick.
Erica points at you and mumbles some strange words.
The bolt of poison hits you!!
You are more poisoned.
You die...

#....# #....# ##
#..### #. #..# #.
#..###### #.
#...........
#....#######
#..#########....#
#....@@.........#
#...............+
#...............#
#############...#
# ..... . ......
. ....... .
####### #


You could see Erica (very poisoned).

Vanquished Creatures
  Joseph (D:7)
  A hornet (D:6)
  Sigmund (D:2)
  2 wyverns (D:8)
  A steam dragon (D:6)
  4 vampire mosquitoes (D:9)
  Edmund (D:6)
  An acid dragon (D:8)
  Duvessa (D:7)
  2 water moccasins
  3 orc warriors
  2 sky beasts (D:6)
  A black bear (D:5)
  An ice beast (D:7)
  2 ogres
  2 centaurs
  2 phantoms
  Blork the orc (D:5)
  4 kobold brigands
  7 bullfrogs
  A gnoll sergeant (D:8)
  3 scorpions
  Dowan (D:7)
  3 wights (D:7)
  5 howler monkeys
  A lava snake (D:8)
  2 hounds
  4 orc priests
  3 jellies
  Crazy Yiuf (D:7)
  2 sleepcaps
  Jessica (D:3)
  4 iguanas
  12 orc wizards
  Robin (D:3)
  14 adders
  8 gnolls
  A shadow imp (D:6)
  2 white imps
  A worm (D:5)
  3 dart slugs
  27 orcs
  3 endoplasms
  7 giant cockroaches
  24 goblins
  6 hobgoblins
  4 jackals
  5 quokkas
  10 ball pythons
  6 bats
  26 kobolds
  7 rats
238 creatures vanquished.

Vanquished Creatures (others)
  A white imp (D:6)
  3 foxfires (D:9)
4 creatures vanquished.

Grand Total: 242 creatures vanquished

Notes
Turn   | Place    | Note
-------+----------+-------------------------------------------
     0 | D:1      | booth the Demonspawn Venom Mage began the quest for the
                  | Orb.
     0 | D:1      | Reached XP level 1. HP: 13/13 MP: 3/3
   131 | D:1      | Reached skill level 1 in Transmutations
   357 | D:1      | Gained mutation: You sometimes gain a little power by
                  | taking damage. [demonic ancestry]
   357 | D:1      | Reached XP level 2. HP: 5/19 MP: 1/5
   527 | D:1      | Found a faded altar of an unknown god.
   542 | D:1      | Prayed at the altar of an unknown god.
   542 | D:1      | Became a worshipper of Vehumet
   542 | D:1      | Reached * piety under Vehumet
   542 | D:1      | Offered knowledge of Sandblast by Vehumet.
   959 | D:1      | Gained mutation: You may rarely emit foul miasma when
                  | damaged in melee. [demonic ancestry]
   959 | D:1      | Reached XP level 3. HP: 25/25 MP: 2/6
  1087 | D:1      | Learned a level 2 spell: Poisonous Vapours
  1274 | D:2      | Found Ydaciof's Assorted Antiques.
  1281 | D:2      | Bought a scroll labelled DAWIXO NEAFENA for 22 gold pieces
  1281 | D:2      | Bought a brown potion for 19 gold pieces
  1281 | D:2      | Bought a smoky golden potion for 19 gold pieces
  1281 | D:2      | Bought a scroll labelled JUILELE DYIMAB for 22 gold pieces
  1555 | D:2      | Found Load's Distillery.
  1723 | D:2      | Reached skill level 1 in Fighting
  1745 | D:2      | Found an ancient bone altar of Kikubaaqudgha.
  1925 | D:2      | Found Gosin's Antique Armour Shop.
  2053 | D:2      | Reached ** piety under Vehumet
  2061 | D:2      | Offered knowledge of Searing Ray by Vehumet.
  2061 | D:2      | Noticed Sigmund
  2070 | D:2      | Learned a level 3 spell: Mephitic Cloud
  2076 | D:2      | Killed Sigmund
  2077 | D:2      | Reached skill level 1 in Axes
  2077 | D:2      | Reached XP level 4. HP: 9/33 MP: 0/8
  2077 | D:2      | Reached XP level 5. HP: 10/38 MP: 0/9
  2529 | D:3      | Gained mutation: You are partially covered in icy blue
                  | scales. (AC +2) [demonic ancestry]
  2529 | D:3      | Reached XP level 6. HP: 44/44 MP: 10/10
  2712 | D:3      | Noticed Jessica
  2713 | D:3      | Found a transporter.
  2719 | D:3      | Killed Jessica
  2749 | D:3      | Found Naduc's Magic Scroll Shoppe.
  2752 | D:3      | Found a transporter.
  2968 | D:3      | Noticed Robin
  2986 | D:3      | Offered knowledge of Hailstorm by Vehumet.
  2994 | D:3      | Killed Robin
  3144 | D:3      | Bought a scroll of teleportation for 39 gold pieces
  3144 | D:3      | Bought a scroll of teleportation for 39 gold pieces
  3144 | D:3      | Bought a scroll of identify for 26 gold pieces
  3202 | D:3      | Learned a level 4 spell: Olgreb's Toxic Radiance
  3634 | D:4      | Noticed an orc warrior
  3661 | D:4      | Killed an orc warrior
  3662 | D:4      | Reached skill level 4 in Poison Magic
  3822 | D:4      | Found a hide-covered altar of Uskayaw.
  3824 | D:4      | Found a radiant altar of Vehumet.
  3824 | D:4      | Found a blossoming altar of Fedhas.
  3853 | D:4      | Reached XP level 7. HP: 50/50 MP: 6/11
  3881 | D:4      | Reached skill level 1 in Conjurations
  4014 | D:4      | Reached *** piety under Vehumet
  4873 | D:5      | Entered Level 5 of the Dungeon
  4882 | D:5      | Offered knowledge of Airstrike by Vehumet.
  4887 | D:5      | Gained mutation: You are mostly covered in icy blue scales.
                  | (AC +3) [demonic ancestry]
  4887 | D:5      | Reached XP level 8. HP: 17/57 MP: 13/13
  5066 | D:5      | Learned a level 4 spell: Airstrike
  5084 | D:5      | You fall into a shaft and drop 3 floors!
  5493 | D:6      | Found Taconur's Antique Armour Shoppe.
  5511 | D:6      | Reached skill level 5 in Poison Magic
  5662 | D:6      | Noticed a hornet
  6014 | D:5      | Reached **** piety under Vehumet
  6067 | D:5      | Found a staircase to the Ecumenical Temple.
  6109 | D:5      | Noticed Blork the orc
  6140 | D:5      | Killed Blork the orc
  6225 | Temple   | Entered the Ecumenical Temple
  6503 | D:5      | Offered knowledge of Lee's Rapid Deconstruction by Vehumet.
  6759 | D:6      | Found a burning altar of Makhleb.
  6759 | D:6      | Found a sparkling altar of Nemelex Xobeh.
  6767 | D:6      | Found an opulent altar of Gozag.
  6770 | D:6      | Found a faded altar of an unknown god.
  6772 | D:6      | Found a snail-covered altar of Cheibriados.
  6992 | D:6      | Reached XP level 9. HP: 64/65 MP: 15/15
  7029 | D:6      | Found a hazy altar of Hepliaklqana.
  7030 | D:6      | Found a shimmering altar of Xom.
  7031 | D:6      | Found an ornate altar of the Wu Jian Council.
  7771 | D:6      | Noticed Edmund
  7815 | D:6      | Reached skill level 5 in Stealth
  8005 | D:6      | Killed Edmund
  8006 | D:6      | Reached skill level 6 in Poison Magic
  8327 | D:7      | Learned a level 3 spell: Dazzling Flash
  8433 | D:7      | Found a runed translucent door.
  8434 | D:7      | Noticed Crazy Yiuf
  8444 | D:7      | Killed Crazy Yiuf
  8685 | D:7      | Reached skill level 5 in Spellcasting
  8690 | D:7      | Noticed Dowan
  8690 | D:7      | Noticed Duvessa
  8705 | D:7      | Killed Dowan
  8714 | D:7      | Killed Duvessa
  8864 | D:7      | Noticed Joseph
  8875 | D:7      | Reached skill level 5 in Dodging
  9013 | D:7      | Killed Joseph
  9014 | D:7      | Reached skill level 5 in Fighting
  9014 | D:7      | Reached XP level 10. HP: 57/74 MP: 13/17
  9790 | D:8      | Identified the +1 pair of gloves "Pisunep" {Rampage rC-
                  | MP+9 Int+2}
  9895 | D:8      | Reached skill level 5 in Axes
 10110 | D:8      | Reached ***** piety under Vehumet
 10133 | D:8      | Offered knowledge of Flame Wave by Vehumet.
 10711 | D:8      | Reached skill level 5 in Conjurations
 10737 | D:8      | Learned a level 1 spell: Foxfire
 10775 | D:9      | Identified the +1 robe of Engaf {Int+5}
 11262 | D:9      | Noticed Maggie
 11313 | D:9      | Reached skill level 7 in Poison Magic
 11493 | D:9      | Noticed Erica
 11505 | D:9      | Killed from afar by Erica

Illustrated notes

Levels and vault maps discovered:
D:1:      pf_arrival_petrified_forest, layout_basic,
          shapermc_ecumenical_altar_pompeii, serial_park_tiny_pond,
          minmay_misc_feat_rows
D:2:      minmay_chambers_of_twos, layout_loops_ring, basic_altar, serial_shops,
          nicolae_square_shop, nicolae_shop_rolling_square, shop, uniq_sigmund
D:3:      layout_loops_ring, serial_shops, nicolae_shop_drivethru, uniq_robin,
          uniq_jessica
D:4:      layout_loops_ring, gammafunk_temple_overflow_forgotten,
          minmay_manual_maat
D:5:      layout_rooms, temple_hall, uniq_blork_the_orc
D:6:      layout_loops_ring, chequers_temple_overflow_statue_of_worship,
          chequers_temple_overflow_minitemple, serial_shops,
          nicolae_inconvenience_store, grunt_ministairs_10,
          minmay_misc_feat_tiny, minmay_misc_feat_chi, uniq_edmund
D:7:      minmay_skewed_foursquare, layout_basic, elyvilon_altar_3,
          enter_bailey_5, grunt_ministairs_2, uniq_joseph, uniq_duvessa,
          uniq_crazy_yiuf_cottage
D:8:      layout_basic, grunt_decor_fettered, kennysheep_generic_room_4
D:9:      layout_irregular_city, nicolae_dithmenos_through_a_glass_darkly,
          david_orc_2, kennysheep_generic_room_6, uniq_erica, uniq_maggie,
          uniq_prince_ribbit1
Temple:   hellmonk_temple_rainy

Skill      XL: |  1  2  3  4  5  6  7  8  9 10 |
---------------+-------------------------------+-----
Transmutations | 1 2 |  2.7
Stealth        | 2 3 4 5 6 |  6.1
Dodging        | 2 3 4 5 |  5.6
Fighting       | 1 2 3 5 |  5.6
Axes           | 1 2 3 4 5 |  5.3
Spellcasting   | 3 4 5 |  5.8
Poison Magic   | 4 5 6 7 |  7.0
Conjurations   | 1 3 4 5 |  5.2

Action                     |  1- 3 |  4- 6 |  7- 9 | 10-12 || total
---------------------------+-------+-------+-------+-------++-------
  Melee: Unarmed           |     7 |       |       |       ||     7
         Hand axe          |    51 |    92 |   376 |   163 ||   682
         Punch             |       |       |     7 |       ||     7
  Throw: Javelin           |       |     6 |     7 |     3 ||    16
         Dart              |       |       |     2 |     1 ||     3
   Cast: Sting             |    34 |     2 |    16 |     5 ||    57
         Poisonous Vapours |    10 |    17 |    57 |    37 ||   121
         Mephitic Cloud    |       |     3 |     1 |     2 ||     6
         Olgreb's Toxic Ra |       |       |    10 |     5 ||    15
         Airstrike         |       |       |     1 |       ||     1
         Foxfire           |       |       |       |     2 ||     2
    Use: Scroll            |     3 |     8 |     9 |     4 ||    24
         Potion            |     1 |     3 |       |       ||     4
   Stab: Sleeping          |     1 |     1 |     2 |     2 ||     6
         Distracted        |     1 |       |       |       ||     1
         Confused          |       |     1 |       |     1 ||     2
 Armour: Robe              |     9 |    33 |   149 |    53 ||   244
  Dodge: Dodged            |    50 |    56 |   283 |   209 ||   598
